Unix NetHack Version 5.0.0-0 post-release - last build May 10 2026 23:12:36 (d1fa5d53e341ca933230fdaa984d921c805b60aa,branch:main).

Game began 2026-05-13 04:36:20, ended 2026-05-13 07:08:56.

7spoons, lawful female human Valkyrie

                        --------------------------------#
                        |.........)...)..).............|#
                        ....------|-----.----..-----...|#
                        |...|(((|%.|%%.|.-..|--|=!.|....#
                        |...|(((|..|%!.-.|..|..|.??|...|#            ---------
                        |...|...|-------.---|..|.*.|...|########     |.......|
                        |...--|--...........--|---|-....###    ######........|
                        |..............................|#####        |^.....>|
                        |........{.----|--.{...........|##  #########-.......|
                        |..........|.....|.............|####         ----|----
                        |...-|---..|.....|....---|-....|#  #           ###
                        |...|...||-|.._..|.-|-|...|---.|#  ##      #####
                        |...|+.+|..|.....|.|..|(.(|..-.|#   ##   ###
                        |...|?++|..|------.|..|(((|..|.|#    q-.-.-
                        |...--------.......-----------.|#####e@f<.|
                        |..............................|      |...|
                        --------------------------------      -----

7spoons the Fighter         St:18 Dx:15 Co:16 In:9 Wi:9 Ch:9  Lawful
Dlvl:7  $:310 HP:0(59) Pw:18(18) AC:3  Xp:6 T:4571 

Latest messages:
 What do you want to drop? [$a-cf-zA-CEFH-M or ?*]
 You drop a plain spellbook.
 Kilmihil seems uninterested.
 M - a plain spellbook.
 There is nothing here to pick up.
 There is nothing here to pick up.
 There is nothing here to pick up.
 You hit the floating eye!
 You are frozen by the floating eye's gaze!
 You hear someone cursing shoplifters.
 The large cat misses the rock mole.
 The large cat misses the rock mole.
 The large cat bites the rock mole.
 The rock mole misses the large cat.
 The large cat misses the rock mole.
 The large cat bites the rock mole.
 The rock mole is killed!
 Your large cat eats a rock mole corpse.
 You hear someone praising Tyr.
 The rothe hits!
 The rothe bites!
 The rothe bites again!
 The rothe hits!
 The rothe bites!
 The rothe misses!
 The rothe hits!
 The rothe bites!
 The rothe bites again!
 The rothe hits!
 The rothe bites!
 The rothe bites again!
 The rothe hits!
 The rothe bites!
 The rothe bites again!
 The rothe hits!
 The rothe bites!
 The rothe misses!
 The rothe hits!
 The rothe bites!
 The rothe bites again!
 The rothe hits!
 The rothe bites!
 The rothe bites again!
 The rothe hits!
 You die...
 Do you want your possessions identified? [ynq] (y)
 Do you want to see your attributes? [ynq] (y)
 Do you want an account of creatures vanquished? [ynaq] (y)
 Do you want to see your conduct and achievements? [ynq] (y)
 Do you want to see the dungeon overview? [ynq] (y)

Inventory:
 Coins    ('$')
  $ - 310 gold pieces
 Weapons  (')')
  K - 4 cursed -1 arrows
  f - 25 +0 darts
  p - a blessed rusty +0 dagger
  b - 18 +0 daggers (at the ready)
  y - a +0 elven dagger
  B - 2 blessed +3 orcish daggers
  a - a +1 spear (weapon in right hand)
 Armor    ('[')
  v - an uncursed +0 helm of brilliance (being worn)
  i - an uncursed +0 pair of iron shoes
  r - an uncursed +0 pair of iron shoes (being worn)
  c - an uncursed +3 small shield (being worn)
  j - an uncursed +0 dwarvish cloak
  s - an uncursed +0 dwarvish cloak (being worn)
 Comestibles  ('%')
  t - an uncursed cream pie
  L - an uncursed orange
  J - 2 uncursed tripe rations
 Scrolls  ('?')
  h - an uncursed scroll of confuse monster
  F - a cursed scroll of fire
  A - a blessed scroll of identify
 Spellbooks  ('+')
  M - an uncursed spellbook of blank paper
 Potions  ('!')
  u - 2 uncursed potions of healing
  C - an uncursed potion of restore ability
  z - an uncursed potion of sickness
 Rings    ('=')
  l - an uncursed ring of fire resistance
  n - an uncursed ring of warning
 Wands    ('/')
  w - a wand of digging (0:7)
  o - a wand of fire (0:7)
  E - a wand of magic missile (0:2)
  k - a wand of teleportation (0:3)
 Tools    ('(')
  q - an uncursed sack containing 3 items
  H - an uncursed blindfold
  I - an uncursed oil lamp
  g - an uncursed skeleton key
  m - 3 uncursed partly used tallow candles
 Gems/Stones  ('*')
  x - 2 uncursed emeralds

Contents of the sack:
  an uncursed scroll of enchant armor
  2 uncursed scrolls of identify
  an uncursed scroll of magic mapping

7spoons the Valkyrie's attributes:

Background:
 You were a Fighter, a level 6 human Valkyrie.
 You were lawful, on a mission for Tyr
 who was opposed by Odin (neutral) and Loki (chaotic).
 You were right-handed.
 You were in the Gnomish Mines, on level 7.
 You entered the dungeon 4571 turns ago.
 You had 387 experience points, 253 more were needed to attain level 7.

Basics:
 You had 0 out of 59 hit points.
 You had all 18 energy points (spell power).
 Your armor class was 3.
 Your wallet contained 310 zorkmids.
 Autopickup was off.

Final Characteristics:
 Your strength was 18 (peak:18/01, limit:18/100).
 Your dexterity was 15 (limit:18).
 Your constitution was 16 (limit:18).
 Your intelligence was 9 (limit:18).
 Your wisdom was 9 (limit:18).
 Your charisma was 9 (limit:18).

Final Status:
 You weren't hungry.
 You were unencumbered.
 You were wielding a spear.
 You had basic skill with spear and could have enhanced that.

Final Attributes:
 You were piously aligned.
 Your items were somewhat protected from fire.
 You were cold resistant.
 Your items were somewhat protected from cold.
 You were telepathic.
 You were stealthy.
 You were warded.
 You are dead.

Miscellaneous:
 You didn't encounter any bones levels.
 Total elapsed playing time was 1 hour, 4 minutes and 29 seconds.

Major events:
 Turn
    1: 7spoons the lawful human Valkyrie entered the dungeon
  936: entered the Gnomish Mines
 2263: attained the rank of Skirmisher (level 3)
 4010: reached Mine Town
 4104: attained the rank of Fighter (level 6)
 4571: killed by a rothe, while frozen by a floating eye's gaze

You didn't know any spells.

Skills:
 Fighting Skills
   bare handed combat [Unskilled]
   two weapon combat  [Unskilled]
   riding             [Unskilled]
 Weapon Skills
   dagger             [Basic]
   axe                [Unskilled]
   pick-axe           [Unskilled]
   short sword        [Unskilled]
   broadsword         [Unskilled]
   long sword         [Unskilled]
   two-handed sword   [Unskilled]
   saber              [Unskilled]
   hammer             [Unskilled]
   quarterstaff       [Unskilled]
   polearms           [Unskilled]
   spear              [Basic]
   trident            [Unskilled]
   lance              [Unskilled]
   sling              [Unskilled]
 Spellcasting Skills
   attack spells      [Unskilled]
   escape spells      [Unskilled]

Voluntary challenges:
 Character rerolling was not enabled.
 You never genocided any monsters.
 You never polymorphed an object.
 You never changed form.
 You used no wishes.
Achievements:
 You entered a shop.
 You entered the Gnomish Mines.
 You attained the rank of Skirmisher.
 You entered Minetown.
 You attained the rank of Fighter.
 You entered a temple.

 The Dungeons of Doom: levels 1 to 5
    Level 1:
       An altar to Tyr, a fountain.
    Level 2:
       A ring shop, some fountains.
    Level 3:
       Some fountains.
       Stairs down to The Gnomish Mines.
    Level 4:
       A fountain.
    Level 5:
       A general store.
 The Gnomish Mines: levels 4 to 7
    Level 4:
    Level 5:
    Level 6:
    Level 7: <- You were here.
       Many shops, a temple and an altar to Tyr, some fountains.
       Final resting place for
          you, killed by a rothe, while frozen by a floating eye's gaze.


Vanquished creatures:
  a watchman
  a gold golem
  2 rock moles
  a fog cloud
  a yellow light
  5 gnome leaders
  3 gnomish wizards
  a paper golem
  a giant ant
  3 floating eyes
  2 kittens
  2 dwarves
  2 kobold shamans
  a werejackal
  2 iguanas
 an acid blob
  a coyote
  2 hobbits
  3 manes
  a hobgoblin
  2 giant rats
  2 yellow molds
  a green mold
 32 gnomes
  3 garter snakes
  a gnome zombie
  a gecko
 10 jackals
  4 goblins
  3 sewer rats
  5 grid bugs
  5 lichens
  2 kobold zombies
  3 newts
110 creatures vanquished.

No species were genocided or became extinct.

Game over:
                       ----------
                      /          \
                     /    REST    \
                    /      IN      \
                   /     PEACE      \
                  /                  \
                  |     7spoons      |
                  |      310 Au      |
                  |   killed by a    |
                  |      rothe       |
                  |                  |
                  |                  |
                  |       2026       |
                 *|     *  *  *      | *
        _________)/\\_//(\/(/\)/\//\/|_)_______

Farvel 7spoons the Valkyrie...

You died in The Gnomish Mines on dungeon level 7 with 2137 points,
and 310 pieces of gold, after 4571 moves.
You were level 6 with a maximum of 59 hit points when you died.

